AoeStats
← 111111

Lombardia

510037887Analyzed
4v4 RM · 4d ago on Sep 29, 2026· 85m 55s· 8 players
Game mode
Random Map
Map size
Large (8 player)
Population
200
Speed
Normal
Resources
Standard
Victory
Conquest
Starting age
Dark Age
Ending age
Imperial Age
RankedLock teamsTeams togetherTeam positionsShared explorationLock speedFull tech treeHidden civsTurbo modeCheats
Victory
Defeat
🇦🇷 Khmer · Argentina
1308
+14
🇺🇸 Cumans · United States
1306
+15
🇦🇷 Spanish · Argentina
1231
+18
🇵🇪 Varangians · Peru
1193
+19
🇦🇷 Goths · Argentina
1294
-17
🇨🇴 Turks · Colombia
1281
-17
🇨🇳 Khmer · China
1259
-16
🇵🇰 Mongols · Pakistan
1248
-16
SantiGz
11:06 Feudal Age
12:17 Loom
15:05 Castle Age
19:47 Imperial Age
25:43 Padded Archer Armor
26:03 Padded Archer Armor
35:28 Scale Barding Armor
35:44 Bloodlines
35:34 Husbandry
35:46 Forging
39:32 Chain Barding Armor
49:24 Horse Collar
54:45 Double-Bit Axe
57:53 Wheelbarrow
57:33 Bow Saw
57:15 Gold Mining
59:18 Plate Barding Armor
60:21 Two-Man Saw
62:42 Gold Shaft Mining
62:12 Heavy Plow
62:52 Iron Casting
111111
0:28 Loom
11:00 Feudal Age
12:10 Double-Bit Axe
16:38 Castle Age
14:42 Horse Collar
17:30 Bow Saw
17:44 Heavy Plow
24:15 Wheelbarrow
24:24 Gold Mining
26:30 Hand Cart
29:52 Imperial Age
27:18 Town Watch
27:49 Squires
27:38 Pikeman
28:18 Stone Mining
29:36 Scale Mail Armor
29:47 Forging
31:05 Stone Shaft Mining
31:00 Chain Mail Armor
30:17 Halberdier
32:21 Crop Rotation
32:55 Two-Man Saw
32:35 Iron Casting
31:51 Fletching
32:33 Masonry
32:29 Elite Huskarl
33:30 Conscription
34:30 Blast Furnace
34:40 Anarchy
37:20 Perfusion
46:02 Bodkin Arrow
52:16 Town Patrol
52:17 Bracer
笨包特能睡
8:55 Feudal Age
9:23 Double-Bit Axe
9:53 Horse Collar
18:16 Castle Age
16:27 Gold Mining
19:09 Bow Saw
19:46 Light Cavalry
25:50 Wheelbarrow
25:00 Town Watch
26:18 Scale Barding Armor
26:47 Forging
30:39 Imperial Age
29:41 Gold Shaft Mining
29:40 Hand Cart
29:11 Loom
30:15 Bloodlines
30:06 Husbandry
30:30 Chain Barding Armor
30:15 Stone Mining
31:40 Heavy Plow
32:49 Plate Barding Armor
33:02 Fletching
34:18 Elite Battle Elephant
38:40 Iron Casting
38:41 Tusk Swords
41:46 Blast Furnace
42:50 Hussar
43:57 Caravan
44:41 Stone Shaft Mining
46:03 Bodkin Arrow
49:04 Bracer
53:18 Murder Holes
53:34 Masonry
56:55 Ballistics
Hamid9514
8:17 Loom
10:18 Feudal Age
11:50 Horse Collar
11:56 Double-Bit Axe
15:31 Forging
20:57 Castle Age
22:44 Light Cavalry
23:43 Husbandry
26:41 Fletching
29:48 Wheelbarrow
34:43 Imperial Age
33:03 Bloodlines
33:30 Bodkin Arrow
33:42 Scale Barding Armor
35:52 Bracer
36:17 Ballistics
38:06 Chemistry
37:22 Elite Mangudai
38:19 Gold Mining
40:38 Padded Archer Armor
40:45 Hussar
42:12 Leather Archer Armor
44:15 Capped Ram
45:33 Chain Barding Armor
46:05 Iron Casting
45:56 Drill
46:11 Caravan
45:57 Siege Ram
48:41 Blast Furnace
49:49 Parthian Tactics
61:40 Conscription
70:37 Elite Steppe Lancer
Lion Heart
6:42 Loom
8:47 Feudal Age
12:10 Double-Bit Axe
14:27 Horse Collar
21:13 Castle Age
19:27 Gold Mining
20:25 Scale Barding Armor
20:51 Forging
22:22 Wheelbarrow
22:19 Chain Barding Armor
23:17 Iron Casting
25:08 Bow Saw
24:58 Heavy Plow
26:07 Bloodlines
29:39 Hand Cart
30:40 Gold Shaft Mining
37:30 Imperial Age
38:25 Steppe Husbandry
37:57 Cavalier
40:37 Plate Barding Armor
40:11 Elite Steppe Lancer
41:53 Blast Furnace
46:26 Caravan
48:45 Light Cavalry
50:53 Hussar
55:25 Conscription
57:29 Paladin
68:21 Fletching
69:00 Bodkin Arrow
76:54 Cuman Mercenaries
77:27 Ballistics
78:08 Chemistry
83:57 Spies/Treason
Christ
7:19 Loom
9:50 Feudal Age
10:43 Double-Bit Axe
15:00 Bloodlines
16:28 Gold Mining
19:24 Castle Age
19:14 Forging
19:14 Scale Barding Armor
21:00 Iron Casting
20:59 Bow Saw
24:49 Horse Collar
25:57 Husbandry
26:23 Chain Barding Armor
27:51 Wheelbarrow
27:59 Wheelbarrow
27:38 Town Watch
29:19 Stone Mining
31:18 Hand Cart
34:43 Imperial Age
33:41 Treadmill Crane
35:37 Cavalier
35:42 Vendel Legacy
37:30 Plate Barding Armor
38:37 Conscription
40:17 Blast Furnace
39:37 Heavy Plow
44:02 Light Cavalry
44:39 Hussar
46:49 Ballistics
47:48 Caravan
51:24 Chemistry
50:35 Masonry
51:11 Fletching
53:18 Crop Rotation
60:05 Bodkin Arrow
60:27 Siege Engineers
78:51 Bracer
82:59 Town Patrol
83:44 Spies/Treason
Popeye
11:12 Feudal Age
9:28 Loom
15:10 Castle Age
13:36 Double-Bit Axe
20:13 Horse Collar
22:05 Bow Saw
23:04 Stone Mining
24:08 Scale Barding Armor
24:08 Gold Mining
25:09 Heavy Plow
28:47 Bloodlines
28:45 Town Watch
30:01 Stone Shaft Mining
31:34 Forging
32:52 Wheelbarrow
33:03 Chain Barding Armor
33:12 Husbandry
36:42 Imperial Age
35:15 Iron Casting
36:48 Cavalier
38:29 Blast Furnace
38:05 Plate Barding Armor
38:24 Hand Cart
41:51 Paladin
44:15 Town Patrol
46:34 Hoardings
45:26 Pikeman
46:06 Squires
45:51 Arson
46:16 Halberdier
46:42 Gambesons
49:18 Caravan
51:31 Scale Mail Armor
51:21 Fletching
51:32 Padded Archer Armor
51:10 Light Cavalry
53:03 Hussar
56:21 Bodkin Arrow
56:42 Leather Archer Armor
61:24 Ring Archer Armor
60:54 Bracer
61:57 Chemistry
61:18 Ballistics
61:05 Elite Skirmisher
61:51 Thumb Ring
65:27 Chain Mail Armor
69:20 Supremacy
86:04 Two-Man Saw
dario_def
2:06 Loom
10:02 Feudal Age
14:08 Castle Age
12:08 Double-Bit Axe
12:25 Horse Collar
13:33 Gold Mining
16:02 Wheelbarrow
15:52 Bow Saw
16:14 Heavy Plow
18:37 Stone Mining
25:56 Imperial Age
25:26 Scale Barding Armor
26:39 Chain Barding Armor
27:58 Conscription
28:25 Plate Barding Armor
29:31 Hand Cart
29:04 Town Watch
30:06 Elite Ballista Elephant
31:42 Siege Engineers
34:45 Chemistry
33:48 Double Crossbow
34:28 Fletching
35:38 Masonry
35:25 Bodkin Arrow
36:02 Scale Mail Armor
36:12 Forging
35:44 Pikeman
36:17 Halberdier
37:13 Chain Mail Armor
39:23 Iron Casting
39:43 Hoardings
42:28 Blast Furnace
43:02 Caravan
44:02 Bracer
43:49 Arson
47:32 Crop Rotation
46:58 Capped Ram
52:34 Bloodlines
52:24 Husbandry
52:29 Light Cavalry
54:02 Architecture
53:53 Ballistics
53:14 Hussar
58:32 Siege Ram
60:40 Fortified Wall
60:27 Murder Holes
68:37 Coinage
71:24 Banking
84:40 Spies/Treason
Connection lost

Rejoining the realm…

Still unreachable

The connection could not be restored.

Session expired

The server has moved on; the page needs a fresh start.